General information
- name: BNet
- type: Ladder team game (AT/RT)
- host: Battle.net
- saver: GUARDIAN-EVER
map: Battleground
- players: 8
- length: 35:19
- speed: Fast
- version: 1.26 W3XP
- replay type: Public
» download(218 KB)
Players
team 1 (loser)
RoYaLe (
pink | 34 APM | 1206 actions | 35:18)
5 Far Seer
3 Feral Spirit
2 Chain Lighting
4 Shadow Hunter
1 Healing Wave
3 Serpent Ward
» actions
| Assign group hotkey | 33 | |
| Basic commands | 149 | |
| Build / train | 74 | |
| Enter build submenu | 35 | |
| Enter hero's abilities submenu | 9 | |
| Remove unit from queue | 6 | |
| Right click | 318 | |
| Select / deselect | 346 | |
| Select group hotkey | 154 | |
| Use ability | 82 | |
1206 total
» units
| Peon | 10 | |
| Grunt | 21 | |
| Shaman | 6 | |
| Troll Witch Doctor | 5 | |
| Tauren | 5 | |
47 total
» upgrades
| Pillage | 1 | |
| Melee Weapons | 2 | |
| Armor | 1 | |
| Berserker Strength | 1 | |
| Shaman Training | 2 | |
| Witch Doctor Training | 2 | |
| Pulverize | 1 | |
| Spiked Barricades | 1 | |
| Reinforced Defenses | 1 | |
12 total
» buildings
| Altar of Storms | 1 | |
| Orc Burrow | 8 | |
| Barracks | 1 | |
| War Mill | 1 | |
| Voodoo Lounge | 1 | |
| Stronghold | 1 | |
| Watch Tower | 13 | |
| Fortress | 1 | |
| Spirit Lodge | 2 | |
| Tauren Totem | 1 | |
| Great Hall | 4 | |
34 total
» build order
00:05 Altar of Storms
00:08 Orc Burrow
00:36 Barracks
01:33 Orc Burrow
02:08 War Mill
02:42 Voodoo Lounge
04:01 Orc Burrow
04:07 Orc Burrow
04:25 Stronghold
05:30 Watch Tower
07:25 Fortress
07:29 Spirit Lodge
07:59 Spirit Lodge
10:15 Tauren Totem
12:43 Watch Tower
12:44 Watch Tower
12:50 Watch Tower
12:53 Watch Tower
13:00 Orc Burrow
13:36 Watch Tower
13:53 Orc Burrow
14:02 Watch Tower
14:08 Watch Tower
15:42 Orc Burrow
16:41 Great Hall
17:07 Watch Tower
18:10 Watch Tower
19:53 Orc Burrow
20:30 Watch Tower
20:33 Watch Tower
20:35 Watch Tower
21:23 Great Hall
27:40 Great Hall
29:53 Great Hall
uR-aLL-NooBs (
purple | 54 APM | 1380 actions | 25:19)
4 Keeper of the Grove
2 Entangling Roots
2 Force of Nature
1 Priestess of the Moon
1 Trueshot Aura
» actions
| Assign group hotkey | 1 | |
| Basic commands | 18 | |
| Build / train | 78 | |
| Enter build submenu | 31 | |
| Enter hero's abilities submenu | 5 | |
| Give item / drop item | 4 | |
| Remove unit from queue | 1 | |
| Right click | 797 | |
| Select / deselect | 341 | |
| Use ability | 103 | |
1380 total
» units
» upgrades
| Abolish Magic | 1 | |
| Strength of the Wild | 2 | |
| Reinforced Hides | 1 | |
4 total
» buildings
| Altar of Elders | 2 | |
| Moon Well | 10 | |
| Ancient of War | 3 | |
| Hunter's Hall | 1 | |
| Ancient Protector | 3 | |
| Tree of Ages | 1 | |
| Ancient of Lore | 2 | |
| Ancient of Wonders | 1 | |
| Tree of Life | 3 | |
| Tree of Eternity | 1 | |
| Ancient of Wind | 1 | |
| Chimaera Roost | 2 | |
30 total
» build order
00:10 Altar of Elders
00:20 Moon Well
00:35 Ancient of War
01:28 Moon Well
02:30 Moon Well
03:32 Moon Well
03:51 Hunter's Hall
05:19 Ancient Protector
05:24 Ancient Protector
06:12 Tree of Ages
08:43 Ancient of Lore
08:51 Ancient of Lore
11:16 Moon Well
12:51 Ancient of Wonders
12:54 Moon Well
13:50 Moon Well
15:13 Tree of Life
15:23 Tree of Life
16:05 Tree of Eternity
16:57 Ancient of Wind
19:17 Chimaera Roost
19:20 Chimaera Roost
21:33 Moon Well
21:36 Moon Well
21:52 Moon Well
21:55 Altar of Elders
21:59 Ancient Protector
23:12 Ancient of War
23:16 Ancient of War
23:21 Tree of Life
» items
| Healing Salve | 1 | |
| Scroll of Town Portal | 1 | |
| Scroll of Healing | 2 | |
| Potion of Lesser Invulnerability | 1 | |
5 total

»
Ral (
blue | 38 APM | 458 actions | 12:11)
3 Tauren Chieftain
2 War Stomp
1 Endurance Aura
1 Shadow Hunter
1 Healing Wave
» actions
| Build / train | 31 | |
| Enter build submenu | 13 | |
| Enter hero's abilities submenu | 4 | |
| Remove unit from queue | 7 | |
| Right click | 237 | |
| Select / deselect | 133 | |
| Use ability | 33 | |
458 total
» units
| Peon | 12 | |
| Grunt | 1 | |
| Troll Headhunter/Berserker | 6 | |
19 total
» upgrades
| Spiked Barricades | 1 | |
| Ranged Weapons | 2 | |
| Armor | 1 | |
4 total
» buildings
| Altar of Storms | 1 | |
| Orc Burrow | 5 | |
| Barracks | 1 | |
| War Mill | 1 | |
| Voodoo Lounge | 1 | |
| Stronghold | 1 | |
| Beastiary | 4 | |
14 total
» build order
00:11 Altar of Storms
00:35 Orc Burrow
00:39 Orc Burrow
01:54 Barracks
02:24 War Mill
03:06 Orc Burrow
03:28 Voodoo Lounge
04:07 Orc Burrow
04:30 Stronghold
05:35 Orc Burrow
07:58 Beastiary
08:14 Beastiary
10:02 Beastiary
10:07 Beastiary
» items
strandedpirate (
green | 70 APM | 2466 actions | 35:05)
2 Archmage
1 Summon Water Elemental
1 Blizzard
» actions
| Assign group hotkey | 32 | |
| Basic commands | 18 | |
| Build / train | 49 | |
| ESC pressed | 1 | |
| Enter build submenu | 20 | |
| Enter hero's abilities submenu | 2 | |
| Right click | 1036 | |
| Select / deselect | 281 | |
| Select group hotkey | 970 | |
| Use ability | 57 | |
2466 total
» units
| Peasant | 10 | |
| Flying Machine | 18 | |
| Mortar Team | 2 | |
30 total
» upgrades
| Masonry | 1 | |
| Lumber Harvesting | 1 | |
| Plating | 2 | |
| Flying Machine Bombs | 1 | |
| Flak Cannons | 1 | |
| Gunpowder | 1 | |
| Fragmentation Shards | 1 | |
| Flare | 1 | |
| Armor | 1 | |
10 total
» buildings
| Altar of Kings | 1 | |
| Farm | 11 | |
| Lumber Mill | 2 | |
| Blacksmith | 1 | |
| Keep | 1 | |
| Scout Tower | 9 | |
| Guard Tower | 3 | |
| Castle | 1 | |
| Workshop | 6 | |
| Cannon Tower | 1 | |
36 total
» build order
00:24 Altar of Kings
00:37 Farm
00:55 Farm
01:16 Farm
01:24 Lumber Mill
02:41 Blacksmith
03:47 Keep
04:04 Farm
04:05 Farm
04:10 Scout Tower
04:11 Scout Tower
04:13 Scout Tower
04:15 Scout Tower
04:17 Scout Tower
05:12 Guard Tower
05:41 Guard Tower
06:18 Castle
06:23 Workshop
06:29 Workshop
06:36 Workshop
06:37 Workshop
06:38 Workshop
07:22 Workshop
07:30 Lumber Mill
08:34 Farm
09:43 Farm
09:45 Farm
20:48 Scout Tower
20:48 Scout Tower
20:49 Scout Tower
20:50 Scout Tower
21:18 Cannon Tower
21:20 Guard Tower
22:00 Farm
22:00 Farm
22:02 Farm
team 2 (winner)
Myc0ckinyobutt (
teal | 35 APM | 1242 actions | 35:18)
5 Death Knight
3 Death Coil
2 Unholy Aura
3 Lich
2 Frost Nova
1 Frost Armor
» actions
| Basic commands | 1 | |
| Build / train | 86 | |
| Enter build submenu | 24 | |
| Enter hero's abilities submenu | 8 | |
| Give item / drop item | 3 | |
| Remove unit from queue | 1 | |
| Right click | 686 | |
| Select / deselect | 334 | |
| Use ability | 99 | |
1242 total
» units
| Acolyte | 4 | |
| Ghoul | 7 | |
| Crypt Fiend | 30 | |
41 total
» upgrades
| Web | 1 | |
| Creature Carapace | 2 | |
| Creature Attack | 1 | |
4 total
» buildings
| Crypt | 1 | |
| Ziggurat | 14 | |
| Altar of Darkness | 1 | |
| Graveyard | 1 | |
| Tomb of Relics | 2 | |
| Halls of the Dead | 1 | |
| Spirit Tower | 10 | |
| Sacrificial Pit | 1 | |
31 total
» build order
00:21 Crypt
00:28 Ziggurat
00:38 Altar of Darkness
00:58 Graveyard
01:18 Tomb of Relics
01:25 Tomb of Relics
01:41 Ziggurat
03:37 Ziggurat
05:04 Halls of the Dead
06:37 Spirit Tower
11:57 Sacrificial Pit
12:53 Ziggurat
13:03 Ziggurat
13:07 Ziggurat
16:58 Spirit Tower
17:03 Ziggurat
19:45 Spirit Tower
19:49 Ziggurat
21:02 Spirit Tower
23:50 Ziggurat
26:08 Ziggurat
26:17 Spirit Tower
26:22 Ziggurat
32:46 Ziggurat
33:42 Spirit Tower
33:47 Ziggurat
33:50 Ziggurat
35:09 Spirit Tower
35:09 Spirit Tower
35:10 Spirit Tower
» items
| Rod of Necromancy | 3 | |
| Scroll of Town Portal | 4 | |
| Scroll of Healing | 1 | |
| Potion of Healing | 9 | |
| Potion of Mana | 1 | |
18 total
thatdudeagain (
red | 58 APM | 2059 actions | 35:18)
5 Pandaren Brewmaster
2 Drunken Haze
2 Breath of Fire
1 Drunken Brawler
4 Keeper of the Grove
2 Entangling Roots
1 Thorns Aura
1 Force of Nature
» actions
| Assign group hotkey | 17 | |
| Basic commands | 2 | |
| Build / train | 56 | |
| Enter build submenu | 16 | |
| Enter hero's abilities submenu | 9 | |
| Give item / drop item | 2 | |
| Remove unit from queue | 6 | |
| Right click | 1162 | |
| Select / deselect | 226 | |
| Select group hotkey | 489 | |
| Use ability | 74 | |
2059 total
» units
| Wisp | 11 | |
| Huntress | 11 | |
| Hippogryph | 10 | |
| Archer | 1 | |
33 total
» upgrades
| Sentinel | 1 | |
| Reinforced Hides | 1 | |
| Strength of the Wild | 1 | |
3 total
» buildings
| Altar of Elders | 1 | |
| Moon Well | 4 | |
| Hunter's Hall | 1 | |
| Ancient of War | 2 | |
| Tree of Ages | 1 | |
| Ancient of Wind | 1 | |
| Ancient of Wonders | 1 | |
| Tree of Eternity | 1 | |
| Ancient Protector | 2 | |
| Tree of Life | 3 | |
17 total
» build order
00:12 Altar of Elders
00:15 Moon Well
02:07 Hunter's Hall
02:16 Ancient of War
02:19 Ancient of War
02:36 Moon Well
03:07 Moon Well
04:57 Tree of Ages
06:21 Moon Well
08:28 Ancient of Wind
09:36 Ancient of Wonders
10:59 Tree of Eternity
13:21 Ancient Protector
13:22 Ancient Protector
14:36 Tree of Life
17:33 Tree of Life
27:01 Tree of Life
» items

»
GUARDIAN-EVER (
yellow | 69 APM | 2431 actions | 35:19)
7 Dark Ranger
3 Black Arrow
3 Silence
1 Charm
» actions
| Assign group hotkey | 116 | |
| Basic commands | 2 | |
| Build / train | 45 | |
| Enter build submenu | 19 | |
| Enter hero's abilities submenu | 7 | |
| Give item / drop item | 2 | |
| Right click | 1071 | |
| Select / deselect | 294 | |
| Select group hotkey | 793 | |
| Use ability | 82 | |
2431 total
» units
| Acolyte | 2 | |
| Ghoul | 3 | |
| Crypt Fiend | 12 | |
| Obsidian Statue | 4 | |
21 total
» upgrades
| Creature Attack | 2 | |
| Web | 1 | |
| Burrow | 1 | |
| Destroyer Form | 1 | |
5 total
» buildings
| Graveyard | 1 | |
| Crypt | 1 | |
| Altar of Darkness | 1 | |
| Ziggurat | 6 | |
| Tomb of Relics | 1 | |
| Halls of the Dead | 2 | |
| Slaughterhouse | 2 | |
| Black Citadel | 1 | |
| Spirit Tower | 1 | |
| Necropolis | 4 | |
| Tree of Life | 1 | |
| Great Hall | 1 | |
22 total
» build order
00:08 Graveyard
00:11 Crypt
00:43 Altar of Darkness
01:01 Ziggurat
01:27 Tomb of Relics
02:03 Ziggurat
03:43 Halls of the Dead
03:43 Halls of the Dead
05:04 Ziggurat
05:25 Ziggurat
06:11 Slaughterhouse
08:08 Black Citadel
12:04 Ziggurat
12:04 Ziggurat
12:45 Slaughterhouse
13:03 Spirit Tower
19:22 Necropolis
21:32 Necropolis
23:35 Necropolis
25:31 Necropolis
27:11 Tree of Life
32:39 Great Hall
» items
| Rod of Necromancy | 1 | |
| Scroll of Town Portal | 3 | |
| Staff of Teleportation | 1 | |
| Potion of Invisibility | 1 | |
6 total
2064265555 (
orange | 32 APM | 1124 actions | 35:18)
4 Archmage
2 Summon Water Elemental
2 Brilliance Aura
» actions
| Basic commands | 43 | |
| Build / train | 35 | |
| Enter build submenu | 27 | |
| Enter hero's abilities submenu | 4 | |
| Give item / drop item | 2 | |
| Right click | 507 | |
| Select / deselect | 413 | |
| Use ability | 93 | |
1124 total
» units
| Peasant | 11 | |
| Footman | 8 | |
| Forest Troll Shadow Priest | 3 | |
| Rifleman | 3 | |
| Forest Troll Berserker | 1 | |
26 total
» upgrades
» buildings
| Farm | 9 | |
| Altar of Kings | 1 | |
| Barracks | 2 | |
| Blacksmith | 1 | |
| Scout Tower | 7 | |
| Lumber Mill | 3 | |
| Arcane Vault | 1 | |
| Keep | 2 | |
| Town Hall | 3 | |
29 total
» build order
00:11 Farm
00:24 Altar of Kings
00:31 Farm
00:48 Barracks
02:08 Farm
02:31 Farm
02:50 Farm
03:37 Barracks
03:41 Blacksmith
05:20 Scout Tower
05:24 Lumber Mill
05:47 Lumber Mill
08:05 Arcane Vault
10:47 Keep
11:14 Scout Tower
11:18 Scout Tower
11:55 Farm
12:11 Scout Tower
12:13 Keep
12:34 Scout Tower
12:35 Scout Tower
12:37 Scout Tower
13:16 Town Hall
13:46 Farm
13:47 Farm
13:48 Farm
15:42 Town Hall
18:44 Lumber Mill
25:51 Town Hall
Chat log
(00:07 / Allies) thatdudeagain: hiya orange
(00:16 / All) 2064265555: sup homie!
(00:25 / Allies) thatdudeagain: we are on the same team
(00:27 / Allies) thatdudeagain: haha
(00:28 / All) strandedpirate: sup trick
(00:31 / Allies) thatdudeagain: random
(00:35 / All) 2064265555: your mom is here?
(00:41 / All) thatdudeagain: whoa
(00:41 / All) 2064265555: damn i love that bitch!
(00:51 / Allies) Myc0ckinyobutt: rush
(00:53 / Allies) Myc0ckinyobutt: all hit same spot
(00:54 / Allies) 2064265555: man whats the strat?
(00:55 / All) thatdudeagain: shes knows how to make a pancake
(01:02 / All) 2064265555: lol
(01:12 / All) strandedpirate: put your big boy shoes on and make your own breakfast
(01:13 / All) GUARDIAN-EVER: manner please, my mother is watching me play
(01:24 / All) 2064265555: lmao
(01:26 / All) thatdudeagain: your mom is over here watching ME play
(01:28 / All) thatdudeagain: with her tits
(01:33 / All) strandedpirate: with yourself?
(01:36 / All) uR-aLL-NooBs: ....
(01:37 / All) strandedpirate: figures
(01:44 / All) uR-aLL-NooBs: how old are u mfers
(01:45 / All) GUARDIAN-EVER: im 26 and mother does not like foul mouthed dialogue
(01:48 / All) 2064265555: you serious yellow?
(01:50 / All) uR-aLL-NooBs: mom jokes? really? still
(01:52 / All) uR-aLL-NooBs: ....
(01:55 / All) thatdudeagain: your mom is not 26
(02:00 / All) 2064265555: mom jokes for life
(02:12 / Allies) GUARDIAN-EVER: control red
(02:15 / Allies) GUARDIAN-EVER: for tav hero
(02:18 / All) 2064265555: tell your mom its not personal pls
(02:45 / Allies) 2064265555: 300 food rush?
(02:46 / Allies) GUARDIAN-EVER: good work
(03:01 / All) thatdudeagain: mmmm maybe 500 food rush
(03:24 / Allies) 2064265555: its not going to be easy
(03:27 / Allies) 2064265555: purple is good
(03:49 / Allies) thatdudeagain: dont let the fuck creep your shit
(03:55 / Allies) 2064265555: k
(03:56 / Allies) thatdudeagain: i can hear him
(04:00 / Allies) thatdudeagain: hes taking it right now
(04:20 / All) uR-aLL-NooBs: lol
(04:29 / Allies) 2064265555: 2 here
(04:54 / All) uR-aLL-NooBs: god damn
(04:59 / All) uR-aLL-NooBs: whoole team gotta come? lol
(05:01 / All) uR-aLL-NooBs: blue
(05:20 / All) strandedpirate: pwnt trick
(05:38 / Allies) thatdudeagain: orange
(05:41 / Allies) thatdudeagain: why\]
(05:45 / All) uR-aLL-NooBs: lol
(05:47 / All) strandedpirate: lol
(05:48 / All) strandedpirate: fail
(05:52 / Allies) thatdudeagain: orange
(05:54 / Allies) thatdudeagain: wtf
(05:55 / All) strandedpirate: pwnt again trick
(06:01 / Allies) 2064265555: thought we were rushing
(06:05 / Allies) thatdudeagain: dude
(06:05 / All) strandedpirate: is my mom watching you get the shit beat of you?
(06:13 / Allies) thatdudeagain: you just ran 5 workers in his base
(06:23 / Allies) 2064265555: i didnt know they were following
(06:28 / Allies) 2064265555: and i thought you guys were there
(06:47 / Allies) 2064265555: 2 here again
(07:53 / Allies) 2064265555: purple is way better than me
(08:12 / Allies) thatdudeagain: play better then
(08:19 / All) strandedpirate: where u at trick?
(08:29 / Allies) 2064265555: can you at least keep 2 or 3 of them busy
(08:36 / Allies) 2064265555: these 2 are not bad
(10:08 / All) uR-aLL-NooBs: gg
(10:23 / All) uR-aLL-NooBs: unfortunately green is an idiot
(10:40 / Allies) 2064265555: my team is strong
(12:08 / Allies) 2064265555: ty
(12:12 / Allies) Myc0ckinyobutt: np
(12:29 / Allies) 2064265555: TY
(12:40 / Allies) Myc0ckinyobutt: get destros
(13:03 / All) strandedpirate: pwnt nigga
(13:11 / Allies) Myc0ckinyobutt: mass towers guys
(13:18 / All) uR-aLL-NooBs: green dont get it...
(13:22 / All) uR-aLL-NooBs: he killed a base
(13:25 / All) uR-aLL-NooBs: u killed an army
(13:30 / All) uR-aLL-NooBs: noobshit...
(13:57 / All) strandedpirate: boom kid
(14:13 / Allies) thatdudeagain: HELP
(14:25 / Allies) Myc0ckinyobutt: too late
(15:14 / Allies) Myc0ckinyobutt: b
(15:14 / Allies) Myc0ckinyobutt: b
(15:15 / Allies) Myc0ckinyobutt: b
(15:41 / Allies) thatdudeagain: yellow
(15:42 / Allies) thatdudeagain: help me clear
(15:55 / Allies) Myc0ckinyobutt: go back oj
(16:00 / Allies) 2064265555: help red
(16:01 / Allies) Myc0ckinyobutt: oj
(16:02 / Allies) Myc0ckinyobutt: noob
(16:03 / Allies) Myc0ckinyobutt: fuck
(16:04 / Allies) Myc0ckinyobutt: come on
(16:05 / Allies) Myc0ckinyobutt: retard
(16:05 / Allies) 2064265555: naw
(16:09 / Allies) 2064265555: red is my guy
(16:22 / Allies) Myc0ckinyobutt: wow
(16:22 / Allies) Myc0ckinyobutt: k
(16:24 / Allies) Myc0ckinyobutt: retard
(16:25 / Allies) Myc0ckinyobutt: lose the game
(16:27 / All) Myc0ckinyobutt: GG
(16:49 / Allies) 2064265555: undead
(16:54 / Allies) Myc0ckinyobutt: green obv mh
(16:58 / Allies) 2064265555: plant a few fiends at each base
(17:06 / Allies) 2064265555: we can kill pink
(17:12 / Allies) 2064265555: purple is the better player
(17:38 / All) Myc0ckinyobutt: o.O
(20:19 / All) uR-aLL-NooBs: gg
(20:22 / All) Myc0ckinyobutt: gg
(20:23 / Allies) Myc0ckinyobutt: tp
(21:50 / Allies) Myc0ckinyobutt: damn
(22:05 / Allies) 2064265555: yellow you need to fight pink
(22:06 / Allies) thatdudeagain: you guys are letting them win
(22:15 / Allies) GUARDIAN-EVER: tp to u?
(22:26 / Allies) 2064265555: pls
(22:32 / Allies) 2064265555: you have the right army
(23:31 / All) Myc0ckinyobutt: gg
(23:34 / All) RoYaLe: gg
(23:42 / All) uR-aLL-NooBs: green is too much of a tard
(23:47 / All) uR-aLL-NooBs: more then ive seen on bnet lately
(23:51 / All) 2064265555: purple is still here?
(23:53 / All) uR-aLL-NooBs: and theres so many on here lol
(23:57 / All) Myc0ckinyobutt: i know
(23:58 / All) uR-aLL-NooBs: orange is still here?
(24:06 / All) 2064265555: yeah im in your old base
(24:08 / All) uR-aLL-NooBs: orange u did shit all game but get raped lol
(24:13 / All) 2064265555: fucking moonwells
(24:17 / All) 2064265555: purple is better than me
(24:33 / All) 2064265555: but purple and green together will always lose
(24:40 / All) uR-aLL-NooBs: loolololololo
(24:43 / All) uR-aLL-NooBs: yellow raped
(25:02 / All) uR-aLL-NooBs: green, fyi, u cant just win by killing halls
(25:10 / All) uR-aLL-NooBs: maybe uve learned that by now
(25:17 / All) uR-aLL-NooBs: peace
(25:19 / Allies) 2064265555: lil gold pls
(25:33 / Allies) 2064265555: guys you did great
(25:37 / Allies) 2064265555: sorry i played bad
(25:45 / Allies) 2064265555: purple was good though compared to me
(26:41 / All) GUARDIAN-EVER: 300g?
(26:59 / Allies) 2064265555: teal
(27:06 / Allies) 2064265555: share gold for the easier win pls
(27:11 / Allies) 2064265555: we all need
(27:50 / All) Myc0ckinyobutt: lol
(28:01 / All) Myc0ckinyobutt: you dont mh
(28:14 / Allies) 2064265555: camp the expo till we get gold
(28:31 / Allies) Myc0ckinyobutt: i got that
(29:26 / All) Myc0ckinyobutt: LOL
(29:30 / All) Myc0ckinyobutt: wow
(29:36 / All) Myc0ckinyobutt: im saving that replay
(29:40 / Allies) GUARDIAN-EVER: nigger mh
(29:42 / Allies) 2064265555: take expo teal
(30:24 / All) thatdudeagain: man your map hacking like a little bitch
(31:01 / All) RoYaLe: lol
(31:04 / Allies) 2064265555: build up your gold and pass to yellow
(31:10 / Allies) GUARDIAN-EVER: not me
(31:16 / Allies) 2064265555: common we have to play as a team
(31:21 / Allies) 2064265555: use the orc peon yellow
(31:33 / Allies) 2064265555: meet
(31:47 / Allies) Myc0ckinyobutt: set wards
(31:49 / Allies) 2064265555: make a few shades teal
(32:28 / Allies) 2064265555: tower that and give to gold to us
(33:14 / Allies) 2064265555: green has mass morts too
(33:19 / Allies) 2064265555: but they are out of gold
(33:52 / Allies) 2064265555: tower and give gold to yellow then red
(33:56 / Allies) Myc0ckinyobutt: stfu
(33:58 / Allies) Myc0ckinyobutt: pussy
(34:01 / Allies) Myc0ckinyobutt: didnt you say to me
(34:06 / Allies) Myc0ckinyobutt: sorry i only look out for red?
(34:10 / Allies) 2064265555: dude
(34:14 / Allies) 2064265555: i didnt say that
(34:18 / Allies) Myc0ckinyobutt: lol
(34:20 / Allies) 2064265555: i said i couldt attack then
(34:21 / Allies) Myc0ckinyobutt: reread chat
(34:24 / Allies) 2064265555: cause red my dude
(34:29 / Allies) 2064265555: and he needed expo
(34:32 / Allies) 2064265555: we are gonna win
(34:34 / Allies) thatdudeagain: eh oh
(34:38 / Allies) 2064265555: but need to play a team game
(34:51 / Allies) 2064265555: k
(34:52 / Allies) Myc0ckinyobutt: you drew mort out..
(35:01 / Allies) 2064265555: time to pay yellow then red
(35:01 / All) RoYaLe: lol gg
(35:15 / All) Myc0ckinyobutt: G
(35:16 / All) Myc0ckinyobutt: G